EL
MISSISSIPPI BRAVES @ TULSA DRILLERS
10/16/2048
 
TOP OF THE 1ST
San Jose Giants batting - Pitching for Harrisburg Senators : RHP Jim Sanders
Pitching: RHP Jim Sanders
Batting: LHB J.P. Olson 0-0: Ball
1-0: Ball
2-0: Ball
3-0: Called Strike
3-1: Swinging Strike
3-2: Foul Ball, location: 2F
3-2: Base on Balls
Batting: LHB Tony Galvan 0-0: Ball
1-0: Swinging Strike
1-1: Swinging Strike
1-2: Ball
2-2: Foul Ball, location: 2F
2-2: Strikes out looking
Batting: RHB Yutaka Oki 0-0: Foul Ball, location: 2F
0-1: Ball
1-1: Ball
J.P. Olson steals 2nd base (no throw)
2-1: Foul Ball, location: 2F
2-2: SINGLE (Groundball, 56D, EV 95.0 MPH)
J.P. Olson to third
Runner from 3rd tries for Home, SAFE, throw by LF to home
Batting: RHB Justin Baldwin 0-0: Ball
1-0: Ball
Yutaka Oki is caught stealing 2nd base 2-4
2-0: Ground out 6-3 (Groundball, 6, EV 76.2 MPH)
Top of the 1st over - 1 run, 1 hit, 0 errors, 0 left on base; San Jose 1 - Harrisburg 0
BOTTOM OF THE 1ST
Harrisburg Senators batting - Pitching for San Jose Giants : RHP Dave Crouch
Pitching: RHP Dave Crouch
Batting: SHB Dan Castaneda 0-0: Called Strike
0-1: Called Strike
0-2: Ball
1-2: Ball
2-2: Ball
3-2: Foul Ball, location: 2F
3-2: Fly out, F8 (Flyball, 8RD, EV 91.2 MPH)
Batting: RHB John McNeill 0-0: Ball
1-0: Ground out U3 (Groundball, 34S, EV 68.1 MPH)
Batting: RHB Antonio Laurel 0-0: Ball
1-0: Called Strike
1-1: Ball
2-1: Fly out, F9 (Line Drive, 89M, EV 91.9 MPH)
Bottom of the 1st over - 0 runs, 0 hits, 0 errors, 0 left on base; San Jose 1 - Harrisburg 0
TOP OF THE 2ND
San Jose Giants batting - Pitching for Harrisburg Senators : RHP Jim Sanders
Batting: RHB Dinand Brouwer 0-0: Called Strike
0-1: Ball
1-1: Ball
2-1: SINGLE (Groundball, 56D, EV 106.9 MPH)
Batting: SHB David Barona 0-0: Ball
1-0: Foul Ball, location: 2F
1-1: Foul Ball, location: 2F
1-2: Strikes out looking
Batting: RHB Nick Wicker 0-0: Fly out, F9 (Line Drive, 9, EV 90.0 MPH)
Batting: RHB Dave Crouch 0-0: Ball
1-0: SINGLE (Groundball, 4MD, EV 97.5 MPH)
Dinand Brouwer to second
Batting: RHB Josh Lippens 0-0: Fly out, F8 (Flyball, 89M, EV 78.1 MPH)
Top of the 2nd over - 0 runs, 2 hits, 0 errors, 2 left on base; San Jose 1 - Harrisburg 0
BOTTOM OF THE 2ND
Harrisburg Senators batting - Pitching for San Jose Giants : RHP Dave Crouch
Batting: RHB Kevin Wick 0-0: Ground out 5-3 (Groundball, 56S, EV 68.8 MPH)
Batting: RHB Gabe Almazan 0-0: Ball
1-0: Foul Ball, location: 2F
1-1: Ball
2-1: Foul Ball, location: 2F
2-2: Foul Ball, location: 2F
2-2: Ball
3-2: Ground out U3 (Groundball, 13, EV 90.0 MPH)
Batting: LHB Evan Oliveri 0-0: Ball
1-0: Ball
2-0: Called Strike
2-1: Foul Ball, location: 2F
2-2: Foul Ball, location: 2F
2-2: Fly out, F4 (Popup, 13S, EV 84.4 MPH)
Bottom of the 2nd over - 0 runs, 0 hits, 0 errors, 0 left on base; San Jose 1 - Harrisburg 0
TOP OF THE 3RD
San Jose Giants batting - Pitching for Harrisburg Senators : RHP Jim Sanders
Batting: LHB J.P. Olson 0-0: Called Strike
0-1: Ball
1-1: Ground out 1-3 (Groundball, 23, EV 63.1 MPH)
Batting: LHB Tony Galvan 0-0: Called Strike
0-1: Ball
1-1: Foul Ball, location: 2F
1-2: Ball
2-2: Ball
3-2: Ground out U3 (Groundball, 34, EV 102.5 MPH)
Batting: RHB Yutaka Oki 0-0: Called Strike
0-1: Fly out, F8 (Flyball, 8LM, EV 78.8 MPH)
Top of the 3rd over - 0 runs, 0 hits, 0 errors, 0 left on base; San Jose 1 - Harrisburg 0
BOTTOM OF THE 3RD
Harrisburg Senators batting - Pitching for San Jose Giants : RHP Dave Crouch
Batting: RHB Pat Drader 0-0: Called Strike
0-1: Foul Ball, location: 2F
0-2: Ball
1-2: Ground out 5-3 (Groundball, 56, EV 90.0 MPH)
Batting: RHB Nick Moreno 0-0: Ball
1-0: Called Strike
1-1: Called Strike
1-2: Strikes out swinging
Batting: RHB Paul Shell 0-0: Called Strike
0-1: Ball
1-1: Ball
2-1: Fly out, F4 (Line Drive, 4D, EV 71.9 MPH)
Bottom of the 3rd over - 0 runs, 0 hits, 0 errors, 0 left on base; San Jose 1 - Harrisburg 0
TOP OF THE 4TH
San Jose Giants batting - Pitching for Harrisburg Senators : RHP Jim Sanders
Batting: RHB Justin Baldwin 0-0: Ball
1-0: SINGLE (Groundball, 34D, EV 95.6 MPH)
Batting: RHB Dinand Brouwer 0-0: Ball
1-0: Foul Ball, location: 2F
1-1: DOUBLE (Line Drive, 5D, EV 102.5 MPH)
Justin Baldwin to third
Batting: SHB David Barona 0-0: Foul Ball, location: 2F
0-1: Ground out 4-3 (Groundball, 4, EV 90.6 MPH)
Justin Baldwin scores
Dinand Brouwer to third
Batting: RHB Nick Wicker 0-0: Called Strike
0-1: Ball
1-1: SINGLE (Groundball, 6MS, EV 66.2 MPH) (infield hit)
Dinand Brouwer scores
Batting: RHB Dave Crouch 0-0: SINGLE (Groundball, 6MD, EV 94.4 MPH)
Nick Wicker to second
Batting: RHB Josh Lippens 0-0: Ball
1-0: Foul Ball, location: 2F
1-1: Called Strike
1-2: Fielders Choice at 2nd, 4-6 (Groundball, 34, EV 82.5 MPH)
Nick Wicker to third
Batting: LHB J.P. Olson 0-0: Called Strike
0-1: Called Strike
0-2: Strikes out looking
Top of the 4th over - 2 runs, 4 hits, 0 errors, 2 left on base; San Jose 3 - Harrisburg 0
BOTTOM OF THE 4TH
Harrisburg Senators batting - Pitching for San Jose Giants : RHP Dave Crouch
Batting: SHB Dan Castaneda 0-0: Ball
1-0: Called Strike
1-1: Foul Ball, location: 2F
1-2: Strikes out looking
Batting: RHB John McNeill 0-0: TRIPLE (Groundball, 3L, EV 108.1 MPH)
Batting: RHB Antonio Laurel 0-0: Swinging Strike
0-1: Ball
1-1: Ball
2-1: Fly out, F8 (Flyball, 8LXD, EV 98.8 MPH)
Runner from 3rd tags up, SCORES, no throw by CF
Batting: RHB Kevin Wick 0-0: Called Strike
0-1: Foul Ball, location: 2F
0-2: Foul Ball, location: 2F
0-2: Fly out, F9 (Flyball, 9LSF, EV 78.1 MPH)
Bottom of the 4th over - 1 run, 1 hit, 0 errors, 0 left on base; San Jose 3 - Harrisburg 1
TOP OF THE 5TH
San Jose Giants batting - Pitching for Harrisburg Senators : RHP Jim Sanders
Batting: LHB Tony Galvan 0-0: Ball
1-0: Called Strike
1-1: Ball
2-1: Fly out, F8 (Flyball, 8LD, EV 95.0 MPH)
Batting: RHB Yutaka Oki 0-0: Ball
1-0: Ball
2-0: Foul Ball, location: 2F
2-1: Foul Ball, location: 2F
2-2: Foul Ball, location: 2F
2-2: Strikes out swinging
Batting: RHB Justin Baldwin 0-0: Ball
1-0: Called Strike
1-1: Ball
2-1: Swinging Strike
2-2: Ball
3-2: Strikes out swinging
Top of the 5th over - 0 runs, 0 hits, 0 errors, 0 left on base; San Jose 3 - Harrisburg 1
BOTTOM OF THE 5TH
Harrisburg Senators batting - Pitching for San Jose Giants : RHP Dave Crouch
Batting: RHB Gabe Almazan 0-0: Ball
1-0: Ground out 5-3 (Groundball, 5, EV 84.4 MPH)
Batting: LHB Evan Oliveri 0-0: Ball
1-0: Foul Ball, location: 2F
1-1: Ground out U3 (Groundball, 3S, EV 84.4 MPH)
Batting: RHB Pat Drader 0-0: Ball
1-0: Swinging Strike
1-1: Ground out 5-3 (Groundball, 56, EV 77.5 MPH)
Bottom of the 5th over - 0 runs, 0 hits, 0 errors, 0 left on base; San Jose 3 - Harrisburg 1
TOP OF THE 6TH
San Jose Giants batting - Pitching for Harrisburg Senators : RHP Jim Sanders
Batting: RHB Dinand Brouwer 0-0: Called Strike
0-1: Swinging Strike
0-2: Foul Ball, location: 2F
0-2: Ball
1-2: Ball
2-2: Ball
3-2: Strikes out looking
Batting: SHB David Barona 0-0: Ball
1-0: Ball
2-0: Ball
3-0: Base on Balls
Batting: RHB Nick Wicker 0-0: Ball
David Barona steals 2nd base
1-0: Swinging Strike
1-1: Fly out, F9 (Flyball, 89M, EV 91.9 MPH)
Batting: RHB Dave Crouch 0-0: Called Strike
0-1: Ground out 5-3 (Groundball, 56S, EV 82.5 MPH)
Top of the 6th over - 0 runs, 0 hits, 0 errors, 1 left on base; San Jose 3 - Harrisburg 1
BOTTOM OF THE 6TH
Harrisburg Senators batting - Pitching for San Jose Giants : RHP Dave Crouch
Batting: RHB Nick Moreno 0-0: Ball
1-0: DOUBLE (Groundball, 5L, EV 108.1 MPH)
Batting: RHB Paul Shell 0-0: Ball
1-0: Ball
2-0: Ground out U3 (Groundball, 34, EV 105.6 MPH)
Nick Moreno to third
Batting: SHB Dan Castaneda 0-0: Foul Ball, location: 2F
0-1: Ball
1-1: Ball
2-1: Foul Ball, location: 2F
2-2: Ball
3-2: Foul Ball, location: 2F
3-2: SINGLE (Groundball, 34, EV 95.0 MPH)
Nick Moreno scores
Batting: RHB John McNeill 0-0: Called Strike
Dan Castaneda steals 2nd base
0-1: Ball
Dan Castaneda steals 3rd base
1-1: Ground out 4-3 (Groundball, 4, EV 87.5 MPH)
Batting: RHB Antonio Laurel 0-0: Foul Ball, location: 2F
0-1: Ball
1-1: Ball
2-1: DOUBLE (Line Drive, 78D, EV 98.8 MPH)
Dan Castaneda scores
Batting: RHB Kevin Wick 0-0: Foul Ball, location: 2F
0-1: Called Strike
0-2: SINGLE (Groundball, 56D, EV 96.9 MPH) (infield hit)
Antonio Laurel to third
Batting: RHB Gabe Almazan 0-0: Called Strike
0-1: Fly out, F7 (Flyball, 7, EV 85.0 MPH)
Bottom of the 6th over - 2 runs, 4 hits, 0 errors, 2 left on base; San Jose 3 - Harrisburg 3
TOP OF THE 7TH
San Jose Giants batting - Pitching for Harrisburg Senators : RHP Jim Sanders
Pitching: RHP Chris Bonham
Batting: RHB Josh Lippens 0-0: Called Strike
0-1: Ball
1-1: Fly out, F7 (Flyball, 7LD, EV 79.4 MPH)
Batting: LHB J.P. Olson 0-0: Swinging Strike
0-1: Called Strike
0-2: Ball
1-2: Foul Ball, location: 2F
1-2: Foul Ball, location: 2F
1-2: Ball
2-2: Strikes out swinging
Batting: LHB Tony Galvan 0-0: Ball
1-0: Ball
2-0: Ball
3-0: SINGLE (Groundball, 34D, EV 101.2 MPH)
Batting: RHB Yutaka Oki 0-0: Ball
1-0: Ball
Tony Galvan is caught stealing 2nd base 2-4
Top of the 7th over - 0 runs, 1 hit, 0 errors, 0 left on base; San Jose 3 - Harrisburg 3
BOTTOM OF THE 7TH
Harrisburg Senators batting - Pitching for San Jose Giants : RHP Dave Crouch
Batting: LHB Evan Oliveri 0-0: Ball
1-0: Called Strike
1-1: Ground out 4-3 (Groundball, 4, EV 96.2 MPH)
Batting: RHB Pat Drader 0-0: Foul Ball, location: 2F
0-1: Ball
1-1: SINGLE (Groundball, 56D, EV 103.1 MPH)
Batting: RHB Nick Moreno 0-0: Called Strike
0-1: Called Strike
0-2: Strikes out swinging
Pinch Hitting: LHB Dana McDonald 0-0: Called Strike
0-1: Ball
1-1: Ball
2-1: Swinging Strike
2-2: Ground out 4-3 (Groundball, 4, EV 111.9 MPH)
Bottom of the 7th over - 0 runs, 1 hit, 0 errors, 1 left on base; San Jose 3 - Harrisburg 3
TOP OF THE 8TH
San Jose Giants batting - Pitching for Harrisburg Senators : RHP Chris Bonham
Now at 1B: Dana McDonald
Pinch Hitting: LHB Jared Paige 0-0: Ball
1-0: Called Strike
1-1: Fly out, F8 (Flyball, 8LXD, EV 96.2 MPH)
Batting: RHB Justin Baldwin 0-0: Ball
1-0: Ball
2-0: SINGLE (Groundball, 6D, EV 101.9 MPH)
Batting: RHB Dinand Brouwer 0-0: Called Strike
0-1: Ball
1-1: Swinging Strike
1-2: Strikes out swinging
Batting: SHB David Barona 0-0: Ball
1-0: Swinging Strike
1-1: Swinging Strike
1-2: Strikes out looking
Top of the 8th over - 0 runs, 1 hit, 0 errors, 1 left on base; San Jose 3 - Harrisburg 3
BOTTOM OF THE 8TH
Harrisburg Senators batting - Pitching for San Jose Giants : RHP Dave Crouch
Pitching: RHP Takashi Kino
Now in LF: Jared Paige
Now in CF: J.P. Olson
Batting: SHB Dan Castaneda 0-0: Swinging Strike
0-1: Ground out 4-3 (Groundball, 4S, EV 67.5 MPH)
Batting: RHB John McNeill 0-0: Foul Ball, location: 2F
0-1: Ball
1-1: Ball
2-1: Ball
3-1: SINGLE (Line Drive, 78M, EV 99.4 MPH)
Batting: RHB Antonio Laurel 0-0: Called Strike
0-1: Fielders Choice at 2nd, 5-4 (Groundball, 56, EV 105.6 MPH)
Batting: RHB Kevin Wick 0-0: Ball
1-0: Swinging Strike
1-1: Called Strike
1-2: Ball
2-2: Foul Ball, location: 2F
2-2: Foul Ball, location: 2F
2-2: Fly out, F7 (Flyball, 7LS, EV 91.9 MPH)
Bottom of the 8th over - 0 runs, 1 hit, 0 errors, 1 left on base; San Jose 3 - Harrisburg 3
TOP OF THE 9TH
San Jose Giants batting - Pitching for Harrisburg Senators : RHP Chris Bonham
Pitching: RHP Alex Vasquez
Batting: RHB Nick Wicker 0-0: Called Strike
0-1: Called Strike
0-2: Ball
1-2: SINGLE (Line Drive, 6M, EV 102.5 MPH)
Batting: RHB Dave Crouch 0-0: Ball
Nick Wicker steals 2nd base (no throw)
1-0: Foul Ball, location: 2F
1-1: Ball
2-1: Called Strike
2-2: Ball
3-2: Foul Ball, location: 2F
3-2: Foul Ball, location: 2F
3-2: Foul Ball, location: 2F
3-2: Foul Ball, location: 2F
3-2: Foul Ball, location: 2F
3-2: Ground out U3 (Groundball, 3, EV 91.9 MPH)
Nick Wicker to third
Batting: RHB Josh Lippens 0-0: Ball
1-0: Called Strike
1-1: Called Strike
1-2: Ball
2-2: Foul Ball, location: 2F
2-2: Ball
3-2: Foul Ball, location: 2F
3-2: Fly out, F3 (Popup, 3SF, EV 76.9 MPH)
Batting: LHB J.P. Olson 0-0: Called Strike
0-1: Swinging Strike
0-2: Strikes out looking
Top of the 9th over - 0 runs, 1 hit, 0 errors, 1 left on base; San Jose 3 - Harrisburg 3
BOTTOM OF THE 9TH
Harrisburg Senators batting - Pitching for San Jose Giants : RHP Takashi Kino
Pitching: RHP Lorenzo de Jesus
Batting: RHB Gabe Almazan 0-0: Swinging Strike
0-1: Called Strike
0-2: Strikes out swinging, 2-3 out at first.
Batting: LHB Evan Oliveri 0-0: Ball
1-0: Ball
2-0: Called Strike
2-1: Foul Ball, location: 2F
2-2: Strikes out swinging
Batting: RHB Pat Drader 0-0: DOUBLE (Line Drive, 89M, EV 93.1 MPH)
Batting: RHB Nick Moreno 0-0: Called Strike
0-1: Swinging Strike
0-2: Strikes out swinging
Bottom of the 9th over - 0 runs, 1 hit, 0 errors, 1 left on base; San Jose 3 - Harrisburg 3
TOP OF THE 10TH
San Jose Giants batting - Pitching for Harrisburg Senators : RHP Alex Vasquez
Batting: LHB Tony Galvan 0-0: Ball
1-0: Ball
2-0: Ball
3-0: Called Strike
3-1: Foul Ball, location: 2F
3-2: Foul Ball, location: 2F
3-2: Ground out 4-3 (Groundball, 4, EV 86.2 MPH)
Batting: LHB Jared Paige 0-0: Called Strike
0-1: Ball
1-1: Ball
2-1: Ball
3-1: Called Strike
3-2: Strikes out looking
Batting: RHB Justin Baldwin 0-0: Swinging Strike
0-1: Foul Ball, location: 2F
0-2: Foul Ball, location: 2F
0-2: Ball
1-2: Foul Ball, location: 2F
1-2: SINGLE (Groundball, 6D, EV 98.1 MPH)
Batting: RHB Dinand Brouwer 0-0: Ball
1-0: Called Strike
1-1: DOUBLE (Line Drive, 89D, EV 110.0 MPH)
Justin Baldwin to third
Batting: SHB David Barona 0-0: Ball
1-0: Ball
2-0: Swinging Strike
2-1: Swinging Strike
2-2: Ball
3-2: Ground out 3-1 (Groundball, 34, EV 81.9 MPH)
Top of the 10th over - 0 runs, 2 hits, 0 errors, 2 left on base; San Jose 3 - Harrisburg 3
BOTTOM OF THE 10TH
Harrisburg Senators batting - Pitching for San Jose Giants : RHP Lorenzo de Jesus
Batting: LHB Dana McDonald 0-0: Called Strike
0-1: Ball
1-1: Ground out 2-3 (Groundball, 2L, EV 66.9 MPH)
Batting: SHB Dan Castaneda 0-0: Ball
1-0: Called Strike
1-1: Ball
2-1: Ground out U3 (Groundball, 34S, EV 83.8 MPH)
Batting: RHB John McNeill 0-0: Ball
1-0: Foul Ball, location: 2F
1-1: Ball
2-1: Foul Ball, location: 2F
2-2: Reached on error, E2 (Groundball, 15S, EV 72.5 MPH)
Batting: RHB Antonio Laurel 0-0: Ball
1-0: Ball
2-0: Foul Ball, location: 2F
2-1: Foul Ball, location: 2F
2-2: Ball
3-2: Foul Ball, location: 2F
3-2: Base on Balls
John McNeill to second
Batting: RHB Kevin Wick 0-0: Ball
1-0: Fly out, F3 (Popup, 3L, EV 59.4 MPH)
Bottom of the 10th over - 0 runs, 0 hits, 1 error, 2 left on base; San Jose 3 - Harrisburg 3
TOP OF THE 11TH
San Jose Giants batting - Pitching for Harrisburg Senators : RHP Alex Vasquez
Pitching: RHP Luis Astudillo
Batting: RHB Nick Wicker 0-0: Swinging Strike
0-1: Called Strike
0-2: Strikes out swinging
Batting: RHB Dave Crouch 0-0: SINGLE (Line Drive, 8RS, EV 101.9 MPH)
Batting: RHB Josh Lippens 0-0: Ball
1-0: 2-RUN HOME RUN (Flyball, 78XD, EV 108.8 MPH), Distance : 413 ft
Batting: LHB J.P. Olson 0-0: Ball
1-0: Called Strike
1-1: Swinging Strike
1-2: Strikes out swinging
Batting: LHB Tony Galvan 0-0: Called Strike
0-1: Ball
1-1: Foul Ball, location: 2F
1-2: Strikes out looking
Top of the 11th over - 2 runs, 2 hits, 0 errors, 0 left on base; San Jose 5 - Harrisburg 3
BOTTOM OF THE 11TH
Harrisburg Senators batting - Pitching for San Jose Giants : RHP Lorenzo de Jesus
Batting: RHB Gabe Almazan 0-0: Ball
1-0: Fly out, F8 (Flyball, 78M, EV 85.6 MPH)
Batting: LHB Evan Oliveri 0-0: Foul Ball, location: 2F
0-1: Called Strike
0-2: Ball
1-2: Ground out 4-3 (Groundball, 34, EV 83.8 MPH)
Batting: RHB Pat Drader 0-0: Ball
1-0: Ball
2-0: Foul Ball, location: 2F
2-1: DOUBLE (Groundball, 3L, EV 101.9 MPH)
Batting: RHB Nick Moreno 0-0: Called Strike
0-1: Ball
1-1: Foul Ball, location: 2F
1-2: Fly out, F7 (Flyball, 7, EV 87.5 MPH)
Bottom of the 11th over - 0 runs, 1 hit, 0 errors, 1 left on base; San Jose 5 - Harrisburg 3
Tuesday, March 28th , 2023 - OOTP Baseball 23.10 Build 110